 Dungeon Crawl Stone Soup version 0.18-a0-1243-g9e52518 (webtiles) character file.

10204 Ijustatesigmund the Basher (level 11, -7/90 HPs)
             Began as a Demonspawn Fighter on Feb 5, 2016.
             Was an Elder of Okawaru.
             Blown up by an orc warrior (16 damage)
             ... with a wand of disintegration
             ... on level 11 of the Dungeon.
             The game lasted 00:34:55 (11999 turns).

Ijustatesigmund the Basher (Demonspawn Fighter)    Turns: 11999, Time: 00:34:55

Health: -7/90      AC: 16    Str: 17    XL:     11   Next: 33%
Magic:  16/16      EV:  5    Int: 10    God:    Okawaru [****..]
Gold:   486        SH: 13    Dex: 14    Spells: 0 memorised, 10 levels left

rFire  + . .     SeeInvis +     i - +4 morningstar (crush)
rCold  . . .     Gourm    .     q - +0 chain mail
rNeg   . . .     Faith    .     c - +1 shield
rPois  .         Spirit   .     (helmet unavailable)
rElec  .         Dismiss  .     (no cloak)
rCorr  +         Reflect  +     b - +1 pair of gloves
SustAt .         Harm     .     (no boots)
MR     .....                    y - +3 amulet of reflection
Stlth  ..........               (no ring)
                                j - ring of resist corrosion

@: not resistant to hostile enchantments, extremely unstealthy
A: antennae 3, rough black scales 1, fire resistance 1, spiny 1, flame cloud
immunity
a: Heroism, Renounce Religion


You were on level 11 of the Dungeon.
You worshipped Okawaru.
Okawaru was greatly pleased with you.
You were not hungry.

You visited 2 branches of the dungeon, and saw 12 of its levels.

You collected 486 gold pieces.

Inventory:

Hand Weapons
 a - a +1 flail
 i - a +4 morningstar of crushing (weapon)
Missiles
 d - 5 steel tomahawks
 x - 3 javelins (quivered)
Armour
 b - a +1 pair of gloves (worn)
 c - a +1 shield (worn)
 q - a +0 chain mail (worn)
Jewellery
 j - a ring of resist corrosion (left hand)
 y - a +3 amulet of reflection (around neck)
Wands
 t - a wand of paralysis (24/24)
 w - a wand of flame (18/48)
 B - a wand of paralysis (10/24)
Scrolls
 k - 3 scrolls of remove curse
 m - 6 scrolls of teleportation
 p - a scroll of blinking {unknown}
 s - 2 scrolls of amnesia
Potions
 e - 2 potions of cancellation
 g - 3 potions of brilliance
 n - a potion of agility {unknown}
 r - a potion of curing
 u - a potion of flight
 z - a potion of resistance {unknown}
 C - a potion of mutation {unknown}
Miscellaneous
 h - a phantom mirror
Comestibles
 f - 10 bread rations
 l - a chunk of flesh
 o - 2 meat rations
 v - 4 fruits
 A - 7 beef jerkies


   Skills:
 + Level 9.8 Fighting
 * Level 11.1 Maces & Flails
 + Level 7.0 Armour
 - Level 1.5 Dodging
 - Level 3.4 Shields
 - Level 7.0 Invocations


You had 10 spell levels left.
You didn't know any spells.

Dungeon Overview and Level Annotations

Branches:
Dungeon (11/15)            Temple (1/1) D:4            Lair (0/8) D:9
    Orc (0/2) D:10

Altars:
Ashenzari
Cheibriados
Dithmenos
Elyvilon
Fedhas
Gozag
Kikubaaqudgha
Makhleb
Nemelex Xobeh
Okawaru
Pakellas
Qazlal
Ru
Sif Muna
Trog
Vehumet
Xom
Yredelemnul
Zin
The Shining One
Beogh

Annotations:
D:11 Maud


Innate Abilities, Weirdness & Mutations

You have a pair of large antennae on your head (SInv).
You are partially covered in rough black scales (AC +4, Dex -1).
Your flesh is heat resistant.
You are partially covered in sharp spines.
You are immune to clouds of flame.


Message History

You are blasted!
* * * LOW HITPOINT WARNING * * *
It is a wand of disintegration.
The iguana bites you but does no damage.
You thump the orc wizard!
The orc wizard is almost dead.
The orc hits you but does no damage. The orc wizard casts a spell at you.
You easily resist.
The iguana is struck by your spines.
The iguana bites you but does no damage.
Your chain mail prevents you from hitting the orc wizard.
The orc wizard is almost dead.
You block the orc's attack. You block the orc wizard's attack.
The iguana bites you but does no damage.
You closely miss the orc wizard.
The orc wizard is almost dead.
The orc hits you but does no damage. The orc wizard casts a spell at you.
You easily resist.
The orc warrior zaps a wand.
You are blasted!
You die...

..###
##...#####
#........#
###
###.......)#
#.#
.'..o.....#
#.# #
#........#
#.#.#
#........#
#.#.# #
#.o@o..!.#
#...# .#
#..l.....+
'.### #.#
#........#
#...#...
#[.......#
###.#.#
######'###
#.....#
###.(.#
##....#
#...###
##.#####
#.###
#......# #{#


You could see an orc warrior, an iguana, an orc wizard and an orc.

Vanquished Creatures
  3 hill giants
  A cyclops (D:11)
  The ghost of vatarom the Ducker, an amateur OgHu (D:3)
  A two-headed ogre (D:9)
  Sigmund (D:3)
  A wyvern (D:11)
  A wraith (D:10)
  9 yaks
  2 hippogriffs (D:9)
  Menkaure (D:4)
  Duvessa (D:4)
  6 orc warriors
  A black bear (D:11)
  3 ice beasts
  3 sky beasts
  A phantom (D:5)
  7 ogres
  A centaur (D:6)
  A crocodile (D:10)
  9 giant frogs
  2 gnoll sergeants
  Dowan (D:4)
  4 scorpions
  5 killer bees
  5 wights (D:11)
  3 crimson imps
  A giant frog zombie (D:8)
  3 centaur zombies
  3 hounds
  2 jellies
  5 orc wizards
  A quasit (D:9)
  11 orc priests
  3 giant frog skeletons
  A gnoll shaman (D:4)
  Jessica (D:3)
  An iguana (D:10)
  6 worker ants
  2 killer bee zombies (D:8)
  2 hound skeletons
  A hound zombie (D:6)
  A worker ant zombie (D:4)
  21 gnolls
  16 adders
  A shadow imp (D:5)
  An ooze (D:2)
  4 adder zombies
  3 adder skeletons
  2 worms (D:2)
  6 giant geckos
  51 orcs
  2 ball pythons (D:3)
  4 giant cockroaches
  6 goblins
  15 hobgoblins
  4 jackals (D:9)
  10 kobolds
  7 quokkas
  A ball python zombie (D:4)
  8 bats
  2 giant gecko zombies (D:4)
  17 giant newts
  2 jackal skeletons (D:4)
  A jackal zombie (D:4)
  12 rats
314 creatures vanquished.

Vanquished Creatures (others)
  A human (D:7)
  A fungus (D:9)
2 creatures vanquished.

Grand Total: 316 creatures vanquished

Notes
Turn   | Place    | Note
--------------------------------------------------------------
     0 | D:1      | Ijustatesigmund the Demonspawn Fighter began the quest for the Orb.
     0 | D:1      | Reached XP level 1. HP: 18/18 MP: 1/1
   236 | D:1      | Gained mutation: Your flesh is heat resistant. [demonic ancestry]
   236 | D:1      | Reached XP level 2. HP: 21/24 MP: 2/2
   652 | D:1      | Gained mutation: You are partially covered in rough black scales (AC +4, Dex -1). [demonic ancestry]
   652 | D:1      | Reached XP level 3. HP: 27/29 MP: 3/3
  1793 | D:2      | Gained mutation: You are partially covered in sharp spines. [demonic ancestry]
  1793 | D:2      | Reached XP level 4. HP: 36/36 MP: 4/4
  2411 | D:3      | Noticed Sigmund
  2433 | D:4      | Reached skill level 4 in Fighting
  2490 | D:4      | Gained mutation: You have a pair of small antennae on your head. [demonic ancestry]
  2490 | D:4      | Reached XP level 5. HP: 29/42 MP: 5/5
  2652 | D:4      | Noticed Duvessa
  2652 | D:4      | Noticed Dowan
  2660 | D:4      | Killed Duvessa
  2660 | D:4      | Gained mutation: You are immune to clouds of flame. [demonic ancestry]
  2660 | D:4      | Reached XP level 6. HP: 47/49 MP: 6/6
  2666 | D:4      | Killed Dowan
  2666 | D:4      | Reached skill level 5 in Maces & Flails
  2948 | D:4      | Noticed Menkaure
  2956 | D:4      | Killed Menkaure
  2956 | D:4      | Reached skill level 5 in Fighting
  2956 | D:4      | Reached XP level 7. HP: 27/56 MP: 7/7
  3136 | D:4      | Found a staircase to the Ecumenical Temple.
  3146 | D:4      | Reached skill level 6 in Maces & Flails
  3179 | Temple   | Entered the Ecumenical Temple
  3534 | D:4      | Found a glowing golden altar of the Shining One.
  3796 | D:4      | Found an iron altar of Okawaru.
  3798 | D:4      | Found a bloodstained altar of Trog.
  3923 | D:3      | Killed Sigmund
  4096 | D:3      | Reached skill level 7 in Maces & Flails
  4313 | D:3      | Reached XP level 8. HP: 49/64 MP: 8/8
  4469 | D:3      | Noticed Jessica
  4479 | D:3      | Killed Jessica
  4537 | D:3      | Noticed vatarom's ghost (amateur OgHu)
  4551 | D:3      | Killed vatarom's ghost
  4551 | D:3      | Reached skill level 8 in Maces & Flails
  5034 | D:3      | Found a sacrificial altar of Ru.
  5177 | D:5      | Entered Level 5 of the Dungeon
  5561 | D:5      | Reached skill level 1 in Dodging
  5569 | D:5      | Found a burning altar of Makhleb.
  5688 | D:4      | Became a worshipper of Warmaster Okawaru
  6011 | D:6      | Gained mutation: You have a pair of antennae on your head. [demonic ancestry]
  6011 | D:6      | Reached XP level 9. HP: 49/72 MP: 9/9
  6619 | D:8      | Reached skill level 1 in Invocations
  7025 | D:8      | Reached skill level 5 in Invocations
  7930 | D:9      | Reached * piety under Okawaru
  7937 | D:9      | Found a staircase to the Lair.
  8068 | D:9      | Found a shadowy altar of Dithmenos.
  8199 | D:9      | Reached skill level 9 in Maces & Flails
  8262 | D:9      | Reached ** piety under Okawaru
  8262 | D:9      | Gained mutation: You have a pair of large antennae on your head (SInv). [demonic ancestry]
  8262 | D:9      | Reached XP level 10. HP: 77/80 MP: 15/15
  9198 | D:7      | Found an ancient bone altar of Kikubaaqudgha.
  9527 | D:9      | Reached skill level 5 in Armour
  9775 | D:9      | Found an opulent altar of Gozag.
  9919 | D:10     | Entered Level 10 of the Dungeon
 10252 | D:10     | Found a staircase to the Orcish Mines.
 10289 | D:10     | Reached *** piety under Okawaru
 10323 | D:10     | Found a roughly hewn altar of Beogh.
 10621 | D:10     | Noticed a hill giant
 10628 | D:10     | Killed a hill giant
 10628 | D:10     | Reached skill level 10 in Maces & Flails
 10629 | D:10     | Noticed a hill giant
 10753 | D:9      | Noticed a hill giant
 10760 | D:9      | Killed a hill giant
 10788 | D:10     | Killed a hill giant
 11155 | D:10     | Reached XP level 11. HP: 85/89 MP: 13/16
 11341 | D:11     | Reached **** piety under Okawaru
 11585 | D:10     | Received a gift from Okawaru
 11749 | D:11     | Reached skill level 11 in Maces & Flails
 11988 | D:11     | Noticed Maud
 11999 | D:11     | Blown up by an orc warrior

Vault maps used:
D:1:      minmay_arrival_stone_box
D:2:      hangedman_abyss_or_decor_lesser_grid, minmay_newt_pond
D:3:      lemuel_round_altar, uniq_sigmund, uniq_jessica
D:4:      nicolae_overflow_hidden_temple, minmay_temple_entry_statues_pillars,
          first_bread, serial_undead, serial_undead_c, serial_undead_a,
          serial_undead_e, serial_undead_d, serial_undead_f, serial_undead_e,
          serial_undead_e, serial_undead_f, uniq_menkaure, uniq_duvessa
D:5:      kennysheep_mini_moat
D:7:      tgw_kikubaaqudgha
D:9:      grunt_gozag_breadcrumbs, kennysheep_mini, due_lair_maze_entry_diamond,
          grunt_ogre_cave, grunt_decor_one_mirror,
          hangedman_decor_clover_reticule
D:10:     minmay_orc_entry_temple_small
D:11:     uniq_maud
Temple:   oiseaux_autumnal_temple_12

Action                   |  1- 3 |  4- 6 |  7- 9 | 10-12 || total
-------------------------+-------+-------+-------+-------++-------
Melee: Flail             |   162 |    84 |   405 |   284 ||   935
       Morningstar       |       |       |       |   129 ||   129
Throw: Javelin           |       |       |    11 |    26 ||    37
Invok: Heroism           |       |       |       |    10 ||    10
  Use: Scroll            |     7 |     1 |     7 |     6 ||    21
       Potion            |       |     4 |     2 |     5 ||    11
 Stab: Invisible         |       |       |       |     6 ||     6
  Eat: Chunk             |     3 |     4 |     7 |    10 ||    24
       Bread ration      |       |       |     2 |       ||     2
       Fruit             |       |       |     1 |     1 ||     2
       Pizza             |       |       |       |     1 ||     1
       Beef jerky        |       |       |       |     1 ||     1
